Map: Sueño eterno EE

Players

JordanElFake - Winner!

  • Race: Protoss Protoss
  • League: Silver
  • Spawn Location: 1:00

MrFercho

  • Race: Terran Terran
  • League: Silver
  • Spawn Location: 7:00

VOD

Have the link to the VOD?

Description

Time

  • Played on: May 26, 2020, 10:25 a.m.
  • Length: 20:21
Show
View Real Time Build Order
Export as new Build Order

JordanElFake Protoss - Winner!

Build Orders:  

Get SALT Encoding   

  12  0:01  Probe (Chrono Boost)  
  13  0:10  Probe (Chrono Boost)  
  14  0:18  Pylon  
  14  0:21  Probe  
  15  0:38  Gateway  
  15  0:42  Assimilator  
  15  0:44  Probe  
  16  0:55  Gateway  
  16  0:57  Probe (Chrono Boost)  
  17  1:09  Probe (Chrono Boost)  
  18  1:17  Probe (Chrono Boost)  
  19  1:19  Pylon  
  19  1:23  Probe  
  20  1:31  Cybernetics Core  
  20  1:38  Assimilator  
  20  2:07  Adept x2  
  24  2:17  Warp Gate  
  24  2:18  Nexus  
  24  2:22  Probe (Chrono Boost)  
  25  2:31  Probe (Chrono Boost)  
  26  2:42  Probe  
  27  3:03  Stalker x2  
  31  3:32  Probe (Chrono Boost)  
  32  3:38  Pylon  
  32  3:41  Probe (Chrono Boost)  
  33  3:45  Robotics Facility  
  33  3:46  Probe  
  34  3:58  Probe  
  35  4:13  Probe (Chrono Boost)  
  36  4:18  Probe (Chrono Boost)  
  37  4:27  Probe (Chrono Boost)  
  38  4:32  Probe  
  39  4:45  Probe (Chrono Boost)  
  40  4:51  Probe (Chrono Boost)  
  41  4:55  Probe (Chrono Boost)  
  41  4:59  Probe (Chrono Boost)  
  43  5:00  Observer  
  43  5:01  Probe (Chrono Boost), Gateway  
  43  5:02  Gateway  
  43  5:04  Probe, Gateway  
  46  5:11  Probe  
  47  5:16  Probe  
  48  5:23  Probe  
  45  5:28  Probe  
  45  5:33  Assimilator  
  46  5:36  Assimilator  
  46  5:46  Twilight Council  
  46  5:50  Immortal  
  50  6:00  Pylon  
  50  6:24  Probe (Chrono Boost)  
  51  6:30  Stalker  
  51  6:31  Zealot  
  51  6:32  Sentry, Zealot  
  57  6:33  Stalker  
  57  6:39  Charge  
  61  6:52  Pylon  
  61  6:54  Pylon  
  61  7:03  Pylon  
  61  7:15  Forge  
  61  7:16  Forge  
  61  7:20  Stalker  
  61  7:21  Immortal (Chrono Boost), Stalker x4  
  75  7:36  Dark Shrine  
  75  7:53  Immortal  
  75  7:55  Nexus  
  79  8:05  Stalker  
  79  8:06  Stalker x2  
  85  8:16  Probe  
  86  8:29  Pylon  
  86  8:31  Pylon  
  86  8:33  Pylon  
  86  8:37  Immortal  
  86  8:41  Protoss Ground Armor Level 1 (Chrono Boost), Protoss Ground Weapons Level 1 (Chrono Boost)  
  86  8:42  Pylon  
  86  8:45  Pylon  
  86  8:47  Pylon  
  90  8:51  Blink (Chrono Boost)  
  90  9:06  Photon Cannon  
  90  9:08  Probe (Chrono Boost), Photon Cannon  
  91  9:12  Stalker x4, Photon Cannon  
  91  9:13  Stalker  
  91  9:16  Immortal  
  106  9:17  Probe (Chrono Boost)  
  106  9:23  Probe  
  107  9:33  Gateway  
  107  9:35  Probe  
  108  9:39  Gateway  
  108  9:44  Gateway x2  
  108  9:47  Probe  
  108  9:50  Unknown  
  109  9:53  Zealot x4  
  109  9:54  Zealot  
  109  9:55  Immortal  
  123  10:16  Probe (Chrono Boost)  
  124  10:24  Probe (Chrono Boost)  
  125  10:30  Probe  
  126  10:38  Immortal (Chrono Boost)  
  126  10:42  Probe  
  131  10:48  Dark Templar x3  
  137  10:50  Dark Templar x4  
  137  10:53  Archon  
  137  10:54  Probe, Archon x2  
  148  11:18  Immortal  
  148  11:41  Robotics Facility  
  148  11:47  Pylon  
  148  11:52  Pylon  
  148  11:59  Immortal  
  139  12:31  Pylon  
  139  12:33  Pylon  
  139  12:42  Forge  
  139  12:43  Forge  
  139  12:44  Warp Prism  
  139  12:50  Stargate  
  141  12:56  Probe (Chrono Boost)  
  142  13:04  Probe (Chrono Boost), Observer  
  144  13:07  Stalker x2  
  144  13:08  Stalker x7  
  144  13:12  Protoss Ground Armor Level 2 (Chrono Boost)  
  162  13:13  Protoss Ground Weapons Level 2 (Chrono Boost)  
  162  13:20  Immortal  
  150  13:56  Stalker x3  
  156  14:13  Pylon x2  
  156  14:16  Pylon  
  156  14:19  Pylon  
  156  14:31  Phoenix (Chrono Boost)  
  158  14:40  Dark Templar x2  
  158  14:41  Dark Templar  
  164  14:53  Phoenix (Chrono Boost)  
  166  15:11  Phoenix  
  168  15:30  Stalker x2  
  168  15:31  Stalker x2  
  168  15:32  Nexus  
  176  15:36  Phoenix  
  176  15:37  Sentry x2  
  176  15:38  Sentry  
  176  15:39  Sentry  
  176  15:40  Dark Templar  
  188  16:02  Pylon  
  188  16:05  Pylon  
  188  16:08  Pylon  
  188  16:13  Pylon  
  188  16:14  Photon Cannon  
  188  16:16  Photon Cannon  
  181  16:33  Zealot x2  
  181  16:34  Zealot x5  
  171  16:55  Phoenix (Chrono Boost)  
  171  16:56  Observer  
  174  17:03  Protoss Ground Armor Level 3  
  174  17:12  Phoenix  
  174  17:14  Probe (Chrono Boost)  
  173  17:23  Probe (Chrono Boost)  
  173  17:28  Probe  
  171  17:41  Probe  
  172  18:06  Pylon  
  172  18:12  Pylon  
  172  18:13  Pylon  
  172  18:17  Pylon  
  172  18:30  Probe (Chrono Boost), Phoenix  
  172  18:31  Probe (Chrono Boost)  
  176  18:34  Assimilator  
  176  18:38  Assimilator  
  178  18:42  Probe (Chrono Boost)  
  178  18:43  Probe (Chrono Boost)  
  178  18:49  Probe (Chrono Boost)  
  178  18:50  Probe (Chrono Boost)  
  178  18:55  Phoenix  
  182  18:56  Probe  
  182  18:57  Probe  
  184  19:03  Zealot x4  
  184  19:04  Zealot x2  
  196  19:36  Cybernetics Core  
Show
View Real Time Build Order
Export as new Build Order

MrFercho Terran 

Build Orders: Reaper Expand 

Get SALT Encoding   

  12  0:01  SCV  
  13  0:24  SCV, Supply Depot  
  14  0:36  SCV  
  15  0:51  Engineering Bay  
  15  1:12  Barracks  
  15  1:26  Engineering Bay  
  15  1:34  Refinery  
  15  1:36  Refinery  
  15  1:37  SCV  
  16  1:49  SCV  
  17  2:07  Supply Depot  
  17  2:16  Barracks  
  17  2:19  Orbital Command  
  17  2:42  Barracks Reactor  
  17  2:54  Command Center  
  17  3:17  Reaper  
  17  3:49  Reaper  
  17  4:05  Factory  
  15  4:18  Marine  
  15  4:19  Marine  
  15  4:21  Reaper  
  17  4:36  Marine x2  
  19  4:53  Reaper  
  20  5:03  Terran Infantry Weapons Level 1  
  20  5:07  SCV  
  20  5:10  SCV  
  22  5:15  Refinery  
  22  5:19  SCV  
  23  5:22  SCV  
  23  5:32  SCV  
  23  5:34  SCV  
  25  5:41  Refinery  
  25  5:44  SCV  
  25  5:46  SCV  
  27  5:56  SCV  
  28  5:58  SCV  
  29  6:08  SCV  
  28  6:22  Starport  
  28  6:33  Missile Turret  
  28  6:42  Terran Infantry Armor Level 1  
  28  6:45  SCV  
  29  6:57  SCV  
  29  6:58  Missile Turret, Starport  
  30  7:09  SCV  
  30  7:14  Widow Mine  
  33  7:19  Starport Tech Lab  
  33  7:21  SCV  
  34  7:31  Sensor Tower  
  34  7:33  SCV, Marine x3  
  34  7:36  Widow Mine  
  40  7:43  Supply Depot  
  40  7:45  Supply Depot  
  40  7:46  Supply Depot, Orbital Command  
  40  7:50  Marine  
  40  7:51  Marine x2  
  42  7:52  Starport Tech Lab  
  42  7:54  Banshee  
  46  8:00  Cloaking Field  
  46  8:05  Widow Mine  
  48  8:06  Supply Depot  
  48  8:21  Armory  
  48  8:24  SCV  
  48  8:27  Widow Mine  
  51  8:36  SCV  
  51  8:37  Banshee  
  55  8:43  Banshee  
  55  8:48  SCV, Widow Mine  
  61  9:00  SCV  
  62  9:13  SCV  
  63  9:26  Factory Tech Lab  
  63  9:38  Banshee x2  
  63  9:45  SCV  
  70  9:57  SCV  
  71  10:03  Terran Ship Weapons Level 1  
  71  10:07  Hyperflight Rotors  
  71  10:09  SCV  
  71  10:14  Drilling Claws  
  72  10:21  SCV, Banshee  
  76  10:33  SCV  
  77  10:48  Supply Depot  
  77  10:51  Supply Depot  
  77  10:53  Supply Depot  
  77  11:09  Banshee x2  
  80  12:49  Banshee x2  
  86  13:32  Banshee x2  
  77  13:56  Terran Infantry Armor Level 2, Terran Infantry Weapons Level 2  
  77  14:06  Barracks  
  77  14:08  Barracks  
  77  14:13  Factory  
  77  14:15  Banshee  
  80  14:18  Factory  
  80  14:28  Terran Vehicle And Ship Armor Level 1  
  80  14:35  Liberator  
  83  14:49  Barracks Reactor  
  83  14:58  Liberator  
  86  15:00  Marine  
  86  15:01  Marine  
  88  15:18  Marine, Liberator  
  88  15:19  Marine  
  93  15:36  Marine  
  93  15:37  Marine  
  93  15:40  Liberator  
  98  16:01  Medivac  
  45  18:39  Factory Tech Lab x2  
  45  18:42  Barracks Reactor  
  45  18:43  Barracks Reactor  
  45  19:03  Cyclone x2  
  45  19:09  Armory  
  51  19:22  Marine x2  
Tags
 
Add a new tag
Caveats
  • Supply blocks, unpowered buildings, or Contaminate may cause inaccurate times.
  • Supply counts are checked every 10 seconds.